 Dungeon Crawl Stone Soup version 0.31-a0-1008-g5b978dac0e (webtiles) character file.

Game seed: 17757529213922937482

7 kae the Vexing (level 1, -1/13 HPs)
             Began as a Demonspawn Enchanter on Nov 12, 2023.
             Slain by a jackal (2 damage)
             ... on level 1 of the Dungeon.
             The game lasted 00:00:08 (77 turns).

kae the Vexing (Demonspawn Enchanter)                 Turns: 77, Time: 00:00:08

Health: -1/13      AC:  2    Str:  8    XL:     1   Next: 83%
Magic:  3/3        EV: 12    Int: 16    God:
Gold:   11         SH:  0    Dex: 13    Spells: 4/4 levels left

rFire   . . .        a - +1 dagger
rCold   . . .        (no shield)
rNeg    . . .        b - +0 robe
rPois   .            (no helmet)
rElec   .            (no cloak)
rCorr   .            (no gloves)
SInv    .            (no boots)
Will    .....        (no amulet)
Stlth   ++           (no ring)
HPRegen 0.22/turn    (no ring)
MPRegen 0.08/turn

%: no passive effects
@: no status effects
A: no striking features
a: no special abilities


You were on level 1 of the Dungeon.
You visited 1 branch of the dungeon, and saw 1 of its levels.

You collected 11 gold pieces.


   Skills:
 * Level 1.2 Short Blades
 - Level 1.7 Dodging
 + Level 2.7 Stealth
 + Level 2.0 Spellcasting
 * Level 3.1 Hexes


You had 4 spell levels left.
You didn't know any spells.
Your spell library contained the following spells:

 Spells                   Type           Power      Damage    Failure   Level
 Ensorcelled Hibernation  Hex/Ice        12%        N/A       16%         2
 Confusing Touch          Hex            11%        N/A       17%         3
 Tukima's Dance           Hex            11%        N/A       17%         3
 Dazzling Flash           Conj/Hex       12%        N/A       32%         3

Inventory:

Hand Weapons
 a - a +1 dagger (weapon)
Armour
 b - a +0 robe (worn)
Potions
 c - 2 potions of invisibility

Dungeon Overview and Level Annotations

Branches:
Dungeon (1/15) Zot: 5923

Altars:

.........$...## #.#
........h...... .#.#
.......J......# ...#
....##..#+# #.###.#.#
.......h#.###.......#..
.....(.h.h.............
....#####..............
... #####.######...#..
#+ #......h@.####....
...####+####...####.
#≈≈~≈~~≈####.##
#~~...~~# ##.#
#.......# #.##
######'#########.#
#...........#..#.#
+.....<.....'..'.#
#...........#..#.#


You could see a jackal.


Message History

Lua error: /dgldir/rcfiles/crawl-git/kae.rc:525: unexpected symbol near '#' 🤖 Initializing magus.rc ...
Bad monster_list_colour key: strict_neutral Bad channel name 'pray' for runrest: 'pray:' Options error: Missing colour in message_colour setting: 'that.*feels deathly cold' Options error: Missing colour in message_colour setting: 'and you must be Full or above to equip it' Options error: Missing colour in message_colour setting: 'but rights himself reflexively soon after' Options error: Missing colour in message_colour setting: 'before it is too late' ✅ Successfully initialized magus.rc [v1.11.3] Welcome, kae the Demonspawn Enchanter.
The heart of this dungeon contains the terrific artefact, the Orb of Zot.
Press ? for a list of commands and other information.
Found a staircase leading out of the dungeon.
You open the door.
There is an open door here.
There is a staircase leading out of the dungeon here.
You open the door.
There is an open door here.
You open the door.
There is an open door here.
You open the door.
There is an open door here.
You now have 11 gold pieces.
An endoplasm comes into view.
The endoplasm quivers.
An endoplasm is nearby!
A jackal and an endoplasm come into view. 3 jackals come into view.
The jackal barks! x3
The endoplasm quivers.
There are monsters nearby!
You hit the endoplasm but do no damage. The endoplasm barely misses you.
You hit the endoplasm. The endoplasm freezes you.
You are frozen. 😮 HP[-5]
You take 5 damage, and now have 8/13 hp.
MASSIVE DAMAGE!! (PAUSE)
The jackal bites you but does no damage. 😮 HP[+1]
The jackal attacks as it pursues you! The jackal barely misses you.
The jackal bites you. 😮 HP[-1]
You take 1 damage, and now have 8/13 hp.
You closely miss the jackal. The jackal barely misses you.
You hit the jackal. The jackal closely misses you.
You hit the jackal.
You kill the jackal!
The jackal closely misses you. 😮 HP[+1]
You hit the jackal. The jackal misses you.
You hit the jackal. The jackal barely misses you.
You hit the jackal.
You kill the jackal!
Your Short Blades skill increases to level 1!
You hit the jackal. The jackal bites you.
You hit the jackal but do no damage. The jackal bites you. 😮 HP[-1]
You take 1 damage, and now have 8/13 hp.
You barely miss the jackal. The jackal bites you.
* * * LOW HITPOINT WARNING * * *
The jackal bites you.
* * * LOW HITPOINT WARNING * * *
You hit the jackal. The jackal barely misses you.
You closely miss the jackal. The jackal barely misses you.
The jackal bites you.
* * * LOW HITPOINT WARNING * * *
You closely miss the jackal. The jackal closely misses you.
You barely miss the jackal. Your punch misses the jackal.
The jackal barely misses you. 😨 HP[-4]
You take 4 damage, and now have 4/13 hp.
MASSIVE DAMAGE!! (PAUSE)
You hit the jackal.
You kill the jackal!
You hit the endoplasm. The endoplasm barely misses you.
You hit the endoplasm.
You kill the endoplasm!
You hit the endoplasm. The endoplasm freezes you.
You are frozen.
* * * LOW HITPOINT WARNING * * *
😱 HP[-2]
You take 2 damage, and now have 2/13 hp.
You hit the endoplasm.
You kill the endoplasm!
The jackal bites you.
* * * LOW HITPOINT WARNING * * *
You hit the jackal. The jackal closely misses you.
You hit the jackal but do no damage.
The jackal bites you but does no damage. 😱 HP[-1]
You take 1 damage, and now have 1/13 hp.
You hit the jackal. The jackal closely misses you. The jackal bites you.
You die...

Skill      XL: |  1 |
---------------+----+-----
Short Blades   | 1 |  1.2
Dodging        | |  1.7
Stealth        | |  2.7
Spellcasting   | |  2.0
Hexes          | |  3.1

Action                     || total
---------------------------++-------
  Melee: Dagger            ||    23
 Armour: Robe              ||    10
  Dodge: Dodged            ||    14

Levels and vault maps discovered:
D:1:      dpeg_arrival_yet_another_circle, layout_basic, minmay_cupped

Notes
Turn   | Place    | Note
-------+----------+-------------------------------------------
     0 | D:1      | kae the Demonspawn Enchanter began the quest for the Orb.
     0 | D:1      | Reached XP level 1. HP: 13/13 MP: 3/3
     0 | D:1      | magus.rc [v1.11.3]
    63 | D:1      | Reached skill level 1 in Short Blades
    67 | D:1      | HP: 3/13 [jackal (2)]
    73 | D:1      | HP: 2/13 [frozen (3)]
    77 | D:1      | Slain by a jackal

Vanquished Creatures
  2 endoplasms (D:1)
  3 jackals (D:1)
5 creatures vanquished.

Table legend:
 A = Non-vault XP
 B = Vault XP
 C = Vault XP percentage of total XP
 D = Non-vault monster count
 E = Vault monster count
 F = Vault count percentage of total count
                 A         B        C        D         E       F
            +---------+---------+-------+---------+---------+-------
      Total |      10 |       0 |   0.0 |       5 |       0 |   0.0
            +---------+---------+-------+---------+---------+-------
        D:1 |      10 |       0 |   0.0 |       5 |       0 |   0.0
            +---------+---------+-------+---------+---------+-------

Skill      XL: |  1 |
---------------+----+-----
Short Blades   | 1 |  1.2
Dodging        | |  1.7
Stealth        | |  2.7
Spellcasting   | |  2.0
Hexes          | |  3.1

Action                     || total
---------------------------++-------
  Melee: Dagger            ||    23
 Armour: Robe              ||    10
  Dodge: Dodged            ||    14

Illustrated notes

Table legend:
 A = Kills in this place as a percentage of kills in the entire game.
 B = Kills by you in this place as a percentage of kills by you in the entire game.
 C = Kills by friends in this place as a percentage of kills by friends in the entire game.
 D = Other kills in this place as a percentage of other kills in the entire game.
 E = Experience gained in this place as a percentage of experience gained in the entire game.
 F = Experience gained in this place divided by the number of levels of this place that you have seen.
                   A       B       C       D       E      F
               +-------+-------+-------+-------+-------+----------------------
         Total | 100.0 | 100.0 |   N/A |   N/A | 100.0 |  10.0
       Dungeon | 100.0 | 100.0 |   N/A |   N/A | 100.0 |  10.0
               +-------+-------+-------+-------+-------+----------------------

Table legend: (Time is in decaauts)
 A = Elapsed time spent in this place.
 B = Non-inter-level travel time spent in this place.
 C = Inter-level travel time spent in this place.
 D = Time resting spent in this place.
 E = Time spent auto-exploring this place.
 F = Levels seen in this place.
 G = Mean time per level.
                   A        B        C        D        E       F      G
               +--------+--------+--------+--------+--------+-----+--------+
         Total |     76 |     76 |      0 |      0 |     45 |   1 |   76.0 |
       Dungeon |     76 |     76 |      0 |      0 |     45 |   1 |   76.0 |
               +--------+--------+--------+--------+--------+-----+--------+

Top non-repeatable levels by time:
     D:1: 76 daAuts
